 Dungeon Crawl Stone Soup version 0.14-a0-2091-gca92d1a (webtiles) character file.

60 Kae the Firebug (level 3, -9/26 HPs)
             Began as a Hill Orc Fire Elementalist on Jan 25, 2014.
             Mangled by a worm (11 damage)
             ... while paralysed by a potion of paralysis
             ... on Level 2 of the Dungeon.
             The game lasted 00:02:42 (1565 turns).

Kae the Firebug (Hill Orc Fire Elementalist)        Turns: 1565, Time: 00:02:42

HP  -9/26        AC  2     Str 10      XL: 3   Next: 89%
MP   1/5         EV  2     Int 16      God:
Gold 7           SH  0     Dex 11      Spells:  2 memorised,  2 levels left

rFire  . . .     SeeInvis .     i - +0 short sword
rCold  . . .     Clarity  .     a - +0 orc robe
rNeg   . . .     Conserve .     (no shield)
rPois  .         rCorr    .     (no helmet)
rElec  .         rRot     .     (no cloak)
SustAb . .       Spirit   .     (no gloves)
rMut   .         Warding  .     (no boots)
Saprov + . .     Stasis   .     (no amulet)
MR     .....                    (no ring)
                                (no ring)

@: paralysed, mildly poisoned, very slightly contaminated, not resistant to
hostile enchantments, unstealthy
A: saprovore 1
a: no special abilities


You were on level 2 of the Dungeon.
You were not hungry.

You visited 1 branch of the dungeon, and saw 2 of its levels.

You collected 7 gold pieces.

Inventory:

Hand weapons
 i - a +0,+0 short sword (weapon)
Armour
 a - a +0 orcish robe (worn)
Comestibles
 c - 2 meat rations
 h - an apple
 j - a choko
 k - a bread ration
 o - a chunk of goblin flesh
Scrolls
 d - 2 scrolls of teleportation {unknown}
 e - 2 scrolls of identify {unknown}
 f - 3 scrolls of fog {unknown}
 g - a scroll of curse jewellery {unknown}
Potions
 m - a potion of brilliance {unknown}
Books
 b - a book of Flames

   Spells                             Type                      Level
   *Flame Tongue                      Conjuration/Fire             1
   *Throw Flame                       Conjuration/Fire             2
   Conjure Flame                      Conjuration/Fire             3
   Inner Flame                        Hexes/Fire                   3
   Sticky Flame                       Conjuration/Fire             4
   Fireball                           Conjuration/Fire             5


   Skills:
 - Level 1.5 Dodging
 - Level 1.5 Stealth
 + Level 1.8 Spellcasting
 * Level 2.3 Conjurations
 * Level 4.2 Fire Magic


You had 2 spell levels left.
You knew the following spells:

 Your Spells              Type           Power        Failure   Level  Hunger
a - Flame Tongue          Conj/Fire      ##...        8%          1    ##.....
b - Throw Flame           Conj/Fire      ##....       10%         2    ###....


Dungeon Overview and Level Annotations

Branches:
Dungeon (2/16)

Altars:


Innate Abilities, Weirdness & Mutations

You can tolerate rotten meat.


Message History

Aim: a bat The flame hits the bat.
You kill the bat!
Casting: Flame Tongue
Confirm with . or Enter, or press ? or * to list all spells.
Aiming: Flame Tongue
Press: ? - help, Shift-Dir - straight line, f - worm
Aim: a worm You miscast Flame Tongue.
You are very lightly contaminated with residual magic.
Heat runs through your body.
Casting: Flame Tongue
Confirm with . or Enter, or press ? or * to list all spells.
You don't have enough magic to cast that spell.
Drink which item? (? for menu, Esc to quit)
You suddenly lose the ability to move!
It was a potion of paralysis.
The worm bites you.
* * * LOW HITPOINT WARNING * * *
The worm bites you!
You die...

#.....+ ... #.....#
.#. #.....# ..
#.....# #. #.%...# .
####'## #.....#
#...w.# #...@.#
#.....# #.....#
#.....# #######
####'##########......
#.# #......#..(...
##'###......#......
#...##......#......
#...##......######.


You could see a worm.

Vanquished Creatures
  2 adders
  A worm (D:2)
  2 oozes (D:1)
  2 hobgoblins
  A jackal (D:2)
  5 kobolds
  4 bats
  3 giant cockroaches (D:2)
  A giant gecko (D:1)
  A giant newt (D:1)
  2 goblins
  5 rats
29 creatures vanquished.

Notes
Turn   | Place    | Note
--------------------------------------------------------------
     0 | D:1      | Kae, the Hill Orc Fire Elementalist, began the quest for the Orb.
     0 | D:1      | Reached XP level 1. HP: 14/14 MP: 2/2
   535 | D:1      | Reached XP level 2. HP: 20/20 MP: 3/3
  1069 | D:1      | Reached XP level 3. HP: 9/26 MP: 0/5
  1321 | D:2      | Reached skill level 4 in Fire Magic
  1420 | D:2      | Learned a level 2 spell: Throw Flame
  1561 | D:2      | Paralysed by a potion of paralysis for 6 turns
  1563 | D:2      | HP: 1/26 [worm (1)]
  1565 | D:2      | Mangled by a worm

Action                   || total
-------------------------++-------
Melee: Unarmed           ||    52
       Dagger            ||    33
       Short sword       ||    41
 Cast: Flame Tongue      ||    27
  Use: Potion            ||     2
 Stab: Sleeping          ||     1
